Map: Ascension to Aiur LE

Players

SuicideSheep

  • Race: Terran Terran
  • League: Diamond
  • Spawn Location: 5:00

iggythefisk

  • Race: Terran Terran
  • Spawn Location: 11:00

OPquelji

  • Race: Zerg Zerg
  • League: Diamond

matathemyra

  • Race: Zerg Zerg

VOD

Have the link to the VOD?

Description

Time

  • Played on: Nov. 20, 2017, 1:52 p.m.
  • Length: 10:28
Show
View Real Time Build Order
Export as new Build Order

SuicideSheep Terran 

Build Orders: Mech 

Get SALT Encoding   

  12  0:00  SCV  
  13  0:12  SCV  
  14  0:25  SCV  
  14  0:28  Supply Depot  
  15  0:49  SCV  
  16  0:50  Barracks  
  16  1:01  SCV  
  17  1:14  SCV  
  17  1:17  Command Center  
  18  1:26  SCV  
  19  1:35  Refinery x2  
  19  1:36  Marine  
  19  1:39  SCV  
  21  1:52  SCV  
  22  2:06  Orbital Command  
  22  2:07  Marine  
  23  2:18  Bunker  
  23  2:24  Factory  
  23  2:29  Marine  
  24  2:33  Orbital Command  
  24  2:37  SCV  
  25  2:46  Marine  
  26  2:52  Factory  
  26  2:54  SCV  
  27  3:04  Supply Depot  
  27  3:05  Marine  
  28  3:10  Factory Tech Lab  
  28  3:12  Supply Depot  
  28  3:13  SCV  
  28  3:16  SCV  
  30  3:26  SCV  
  31  3:32  Factory, SCV  
  31  3:33  Barracks Reactor  
  32  3:37  Siege Tank  
  32  3:39  Factory Tech Lab  
  35  3:42  SCV  
  35  3:44  SCV  
  37  3:54  SCV  
  38  4:00  Siege Tank  
  41  4:03  Refinery x2, SCV  
  41  4:06  SCV  
  43  4:21  Supply Depot, Armory, SCV x2  
  45  4:31  Hellion  
  43  4:41  Hellion  
  43  4:42  Hellion  
  43  4:44  SCV  
  43  4:52  Hellion  
  45  4:57  SCV  
  45  5:08  Marine  
  45  5:10  Hellion x2  
  45  5:13  Hellion  
  48  5:25  SCV x2  
  48  5:26  Marine  
  48  5:28  Siege Tank  
  53  5:43  Siege Tank  
  53  5:44  Hellion x2  
  53  5:45  SCV x2  
  62  5:51  Engineering Bay  
  62  6:04  Supply Depot  
  62  6:05  Supply Depot  
  62  6:06  Supply Depot  
  62  6:08  Terran Vehicle And Ship Armor Level 1  
  62  6:13  SCV, Hellion x2  
  62  6:15  SCV  
  64  6:21  Siege Tank  
  67  6:26  SCV  
  67  6:28  SCV  
  69  6:38  Hellion x2  
  69  6:39  Siege Tank  
  76  6:40  SCV x2  
  78  6:52  SCV x2  
  80  6:56  Thor  
  86  7:01  Hellion  
  86  7:03  Hellion  
  86  7:04  SCV  
  91  7:17  SCV  
  91  7:19  SCV  
  93  7:28  Supply Depot x2  
  93  7:32  SCV  
  94  7:49  Thor, SCV  
  94  7:50  Hellion x2  
  105  7:52  SCV  
  106  7:59  Command Center, Siege Tank  
  106  8:01  SCV  
  110  8:10  Missile Turret  
  110  8:12  Missile Turret  
  110  8:13  Missile Turret  
  110  8:20  SCV x2  
  110  8:23  Hellion  
  110  8:26  Hellion  
  116  8:31  Starport  
  116  8:41  Siege Tank  
  117  8:45  SCV  
  118  8:48  Supply Depot  
  118  8:50  Supply Depot  
  118  8:52  Supply Depot  
  118  8:58  SCV  
  118  8:59  Siege Tank  
  86  9:13  Siege Tank  
  71  9:18  Hellion x2, SCV  
  71  9:19  SCV  
  74  9:27  Starport Reactor  
  74  9:31  Siege Tank  
  73  9:38  Orbital Command  
  73  9:39  SCV x2  
  73  9:45  Siege Tank  
  75  9:46  Missile Turret  
  75  9:50  Missile Turret  
  75  9:51  SCV  
  67  9:53  Missile Turret  
Show
View Real Time Build Order
Export as new Build Order

iggythefisk Terran 

Build Orders:  

Get SALT Encoding   

  12  0:01  Drone  
  13  0:08  Drone  
  14  0:16  Overlord  
  14  0:35  Drone x3  
  17  0:54  Hatchery  
  17  0:55  Drone  
  17  1:02  Drone  
  18  1:13  Spawning Pool  
  18  1:16  Extractor  
  18  1:18  Drone  
  17  1:21  Drone  
  18  1:29  Overlord  
  18  1:44  Drone  
  19  1:59  Queen  
  19  2:00  Zergling x2  
  22  2:03  Drone  
  22  2:08  Drone  
  24  2:12  Zergling x2  
  25  2:18  Metabolic Boost  
  25  2:20  Drone  
  26  2:26  Zergling x2  
  27  2:30  Queen  
  27  2:33  Drone x2  
  31  2:43  Queen, Drone  
  34  2:46  Overlord  
  34  2:50  Drone  
  34  3:01  Evolution Chamber  
  33  3:15  Zergling x2  
  33  3:16  Zergling x6  
  33  3:18  Zergling x6  
  40  3:32  Drone x3  
  43  3:41  Overlord  
  43  3:48  Zerg Ground Armor Level 1  
  43  4:01  Hatchery  
  43  4:02  Overlord  
  42  4:03  Drone x4  
  42  4:04  Drone x2  
  48  4:12  Overlord  
  48  4:21  Zergling x12  
  54  4:33  Lair  
  52  4:39  Drone x4  
  54  4:48  Roach Warren  
  54  4:49  Extractor  
  54  4:51  Extractor  
  49  4:55  Drone x4  
  51  5:11  Drone  
  51  5:12  Drone x4  
  53  5:24  Queen  
  55  5:29  Roach  
  55  5:30  Roach x7  
  67  5:47  Roach  
  67  5:48  Roach x2  
  67  5:49  Overlord  
  73  5:54  Glial Reconstitution  
  73  5:59  Zerg Missile Weapons Level 1  
  73  6:01  Overlord x2  
  73  6:03  Drone  
  74  6:19  Roach x7  
  74  6:23  Extractor  
  87  6:29  Extractor  
  86  6:41  Spine Crawler  
  86  6:42  Drone x13  
  98  6:54  Burrow  
  98  6:59  Overlord x2  
  98  7:00  Overlord  
  98  7:03  Pneumatized Carapace  
  98  7:05  Overlord x2  
  98  7:09  Overlord x2  
  98  7:18  Extractor  
  98  7:20  Tunneling Claws  
  98  7:22  Roach, Spire  
  100  7:23  Roach  
  100  7:24  Drone x7  
  107  7:34  Drone x7  
  114  7:49  Hatchery  
  113  8:00  Roach  
  113  8:01  Roach x5  
  113  8:03  Zerg Missile Weapons Level 2  
  125  8:07  Roach  
  125  8:08  Roach  
  125  8:09  Roach  
  125  8:11  Roach, Spine Crawler  
  125  8:12  Spine Crawler, Ravager  
  132  8:13  Ravager x2  
  132  8:15  Roach  
  132  8:16  Roach  
  138  8:22  Roach  
  138  8:23  Roach x2  
  144  8:33  Roach  
  138  8:43  Roach x4  
  138  8:45  Overlord x3  
  146  8:52  Overlord x2  
  146  8:59  Mutalisk x4  
  146  9:01  Mutalisk  
  146  9:02  Mutalisk  
  142  9:05  Mutalisk  
  116  9:10  Mutalisk  
  103  9:21  Queen  
  105  9:28  Roach x5  
  105  9:29  Roach x5  
  105  9:30  Zergling x2  
  105  9:31  Zergling x2  
  115  9:46  Mutalisk x3  
  121  10:04  Roach x5  
  121  10:05  Roach x7  
  135  10:21  Ravager  
  135  10:22  Ravager  
Show
View Real Time Build Order
Export as new Build Order

OPquelji Zerg 

Build Orders:  

Get SALT Encoding   

Show
View Real Time Build Order
Export as new Build Order

matathemyra Zerg 

Build Orders:  

Get SALT Encoding   

Tags
 
Add a new tag
Caveats
  • Supply blocks, unpowered buildings, or Contaminate may cause inaccurate times.
  • Supply counts are checked every 10 seconds.